 Dungeon Crawl Stone Soup version 0.27.1-34-g3ba077fa99 (webtiles) character file.

Game seed: 5472733835438458982

77037 chibimon the Thaumaturge (level 15, -10/126 HPs)
             Began as a Purple Draconian Conjurer on Jan 2, 2022.
             Was a High Priest of Vehumet.
             Mangled by a tarantella (12 damage)
             ... on level 4 of the Lair of Beasts on Jan 4, 2022.
             The game lasted 03:46:22 (28648 turns).

chibimon the Thaumaturge (DrCj)                    Turns: 28648, Time: 03:46:23

Health: -10/126    AC: 18    Str: 16    XL:     15   Next: 14%
Magic:  0/30       EV: 11    Int: 25    God:    Vehumet [*****.]
Gold:   2349       SH: 15    Dex:  9    Spells: 6/37 levels left

rFire    . . .     SeeInvis .   b - +7 trident (freeze)
rCold    . . .     Faith    .   v - +0 tower shield "Garroud" {rElec Stlth+}
rNeg     . . .     Spirit   +   (armour unavailable)
rPois    .         Reflect  .   (helmet restricted)
rElec    +         Harm     .   e - scarf {repulsion}
rCorr    .         Rampage  .   F - +1 pair of gloves
Will     ++...                  O - +2 pair of boots
Stlth    +++.......             X - amulet of guardian spirit
HPRegen  0.31/turn              y - +4 ring of protection
MPRegen  0.22/turn              S - +6 ring of strength

@: slowed, repel missiles, very slow
A: breathe power, AC +9, unfitting armour, cold-blooded
a: Breathe Dispelling Energy, Renounce Religion


You were on level 4 of the Lair of Beasts.
You worshipped Vehumet.
Vehumet was extremely pleased with you.
You visited 6 branches of the dungeon, and saw 24 of its levels.
You also visited: Gauntlet and Volcano.

You collected 2401 gold pieces.
You spent 52 gold pieces at shops.

Inventory:

Hand Weapons
 b - a +7 trident of freezing (weapon)
 x - the +2 hunting sling "Faegud" {venom, *Slow +Blink rElec Dex+2}
   (You took it off a minotaur in a Gauntlet)

   Any ammunition fired from it poisons the flesh of those it strikes.
   Dex:       It affects your dexterity (+2).
   rElec:     It insulates you from electricity.
   +Blink:    It lets you blink.
   *Slow:     It may slow you when you take damage.
 D - a +0 rapier of speed
Armour
 e - a scarf of repulsion (worn)
 v - the +0 tower shield "Garroud" (worn) {rElec Stlth+}
   (You found it on level 1 of the Shoals)

   rElec:     It insulates you from electricity.
   Stlth:     It makes you more stealthy.
 w - a +1 cloak of poison resistance
 F - a +1 pair of gloves (worn)
 O - a +2 pair of boots (worn)
Magical Staves
 Y - a staff of conjuration
Jewellery
 h - an amulet of reflection
 q - a ring of fire
 y - a +4 ring of protection (left hand)
 C - a ring of protection from cold
 K - a ring of flight
 L - a ring of ice
 N - a +4 ring of evasion
 S - a +6 ring of strength (right hand)
 X - an amulet of guardian spirit (around neck)
Wands
 u - a wand of mindburst (5)
 z - a wand of flame (37)
 A - a wand of iceblast (21)
 E - a wand of digging (12)
 G - a wand of polymorph (8)
 H - a wand of acid (12)
 P - a wand of charming (18)
 T - a wand of paralysis (7)
Scrolls
 a - 4 scrolls of blinking
 c - 3 scrolls of noise
 i - 3 scrolls of magic mapping
 j - a scroll of teleportation
 n - a scroll of enchant armour
 p - a scroll of immolation
 s - 4 scrolls of amnesia
 M - 2 scrolls of fog
 R - a scroll of silence
 U - a scroll of identify
 W - a scroll of vulnerability
 Z - a scroll of holy word
Potions
 d - 4 potions of might
 f - a potion of flight
 g - a potion of cancellation
 k - 2 potions of heal wounds
 l - 6 potions of attraction
 m - 2 potions of haste
 o - 3 potions of lignification
 r - 3 potions of degeneration
 t - a potion of ambrosia
 I - a potion of brilliance
 V - a potion of berserk rage
Miscellaneous
 J - a box of beasts
 Q - a lightning rod (4/4)


   Skills:
 - Level 10.0 Fighting
 - Level 2.0 Short Blades
 - Level 1.9 Polearms
 - Level 9.0 Dodging
 - Level 3.2 Stealth
 * Level 9.1 Shields
 - Level 11.5 Spellcasting
 - Level 11.0 Conjurations
 - Level 10.0 Hexes
 - Level 8.2 Fire Magic
 - Level 9.4 Earth Magic
 - Level 6.8 Evocations


You had 6 spell levels left.
You knew the following spells:

 Your Spells              Type           Power      Damage    Failure   Level
a - Orb of Destruction    Conj           31%        9d12      56%         7
b - Searing Ray           Conj           100%       3d7       1%          2
c - Dazzling Flash        Conj/Hex       100%       N/A       1%          3
d - Fulminant Prism       Conj/Hex       30%        3d16      1%          4
e - Starburst             Conj/Fire      29%        6d9       24%         6
f - Sticky Flame          Conj/Fire      58%        2d7       1%          4
g - Fireball              Conj/Fire      29%        3d13      4%          5

Your spell library contained the following spells:

 Spells                   Type           Power      Damage    Failure   Level
 Spellforged Servitor     Conj/Summ      21%        N/A       99%         7
 Magic Dart               Conj           100%       1d8       1%          1
 Static Discharge         Conj/Air       42%        N/A       1%          2
 Conjure Flame            Conj/Fire      58%        6-21      1%          3
 Stone Arrow              Conj/Erth      100%       3d13      1%          3
 Passwall                 Tmut/Erth      31%        N/A       7%          2
 Ignite Poison            Fire/Tmut/Pois 28%        N/A       9%          3
 Iskenderun's Mystic Bla  Conj/Tloc      42%        2d10      10%         4
 Frozen Ramparts          Ice            28%        1d4       24%         3
 Animate Skeleton         Necr           28%        N/A       32%         1
 Pain                     Necr           56%        1d6       32%         1
 Invisibility             Hex            29%        N/A       63%         6
 Swiftness                Air            14%        N/A       69%         3
 Vampiric Draining        Necr           7%         2d7       69%         3
 Conjure Ball Lightning   Conj/Air       21%        3x3d6     75%         6
 Dispel Undead            Necr           14%        3d10      97%         4
 Ice Form                 Ice/Tmut       14%        N/A       97%         4
 Summon Ice Beast         Ice/Summ       14%        N/A       97%         4
 Dispersal                Tloc           7%         N/A       100%        6
 Lehudib's Crystal Spear  Conj/Erth      30%        10d8      99%         8
 Discord                  Hex            29%        N/A       100%        8
 Disjunction              Tloc           7%         N/A       100%        8
 Animate Armour           Summ/Erth      Unusable   N/A       N/A         4

Dungeon Overview and Level Annotations

Branches:
Dungeon (13/15)            Temple (1/1) D:5            Lair (6/6) D:8
 Shoals (1/4) Lair:4       Spider (1/4) Lair:4        Slime (0/5) Lair:5
    Orc (2/2) D:9         Volcano (visited)         Gauntlet (visited)
    Elf: Orc:2       Vaults: D:13-14

Altars:
Ashenzari
Cheibriados
Dithmenos
Elyvilon
Fedhas
Gozag
Hepliaklqana
Kikubaaqudgha
Makhleb
Nemelex Xobeh
Okawaru
Qazlal
Ru
Sif Muna
Trog
Uskayaw
Vehumet
Wu Jian
Xom
Yredelemnul
Zin
The Shining One
Beogh
Jiyva

Shops:
D:9 *   Orc:2 [(

Annotations:
D:8 1 runed translucent door
Lair:5 3 runed translucent doors, Upnaff's ghost, journeyman MiBe
Orc:2 Saint Roka


Innate Abilities, Weirdness & Mutations

You can breathe bolts of dispelling energy.
Your rich purple scales are hard. (AC +9)
You cannot fit into any form of body armour.
You are cold-blooded and may be slowed by cold attacks.


Message History

The wolf spider poisons you! The hornet stings you.
You suddenly lose the ability to move!
The wolf spider hits you!
* * * LOW HITPOINT WARNING * * *
The wolf spider completely misses you.
* * * LOW HITPOINT WARNING * * *
You feel extremely sick. The tarantella bites you!
* * * LOW HITPOINT WARNING * * *
The redback bites you.
* * * LOW HITPOINT WARNING * * *
You are more poisoned.
The redback poisons you! The wolf spider completely misses you.
The wolf spider bites you!
* * * LOW HITPOINT WARNING * * *
You are more poisoned.
The wolf spider poisons you! The hornet stings you.
* * * LOW HITPOINT WARNING * * *
You feel as though you will be slow longer.
The wolf spider hits you.
* * * LOW HITPOINT WARNING * * *
The wolf spider bites you but does no damage.
The tarantella bites you but does no damage.
The redback barely misses you.
The wolf spider hits you but does no damage.
The wolf spider bites you but does no damage.
You can move again.
You feel better. You block the hornet's attack.
You block the wolf spider's attack.
The wolf spider bites you but does no damage.
The tarantella bites you but does no damage.
The redback bites you.
* * * LOW HITPOINT WARNING * * *
The wolf spider hits you but does no damage.
You block the wolf spider's attack.
The hornet stings you but does no damage.
The wolf spider hits you but does no damage.
The wolf spider bites you!
* * * LOW HITPOINT WARNING * * *
The tarantella bites you!
You die...

...............................#
.P............P................#
##.....#.###..P#...P#...##P#..##
........## #####.....#...####.#
........####.# #...###...####[##
.......##....# #...##.....#.#..#
#.......##...#########........##
#P.....###..>#..ss## #......#.#
#......###..###s@..###....###.#
##.....##.#..##†sy.^.#######P.#
.#.....#...+####^...^## #####.##
...............##..^^.###.##..P#
................##^^^.^##.....##
#P###.#P#P#.###P####..^....####
### ######### ### ###....##
##...## #....#


You could see 2 wolf spiders, a hornet, a tarantella and a redback.

Vanquished Creatures
  A minotaur (Gauntlet)
  A fire dragon (Volcano)
  Josephine (D:10)
  11 hydras
  2 boulder beetles
  A catoblepas (Lair:6)
  A centaur warrior (D:13)
  3 death yaks (Lair:6)
  A hell hog (Volcano)
  3 two-headed ogres
  A goliath frog (shapeshifter) (D:9)
  3 skeletal warriors (D:12)
  An orc knight (Orc:1)
  2 wolf spiders (Lair:4)
  A lindwurm (Orc:1)
  3 deep elf pyromancers
  2 ugly things
  5 manticores
  3 cyclopes
  An ice statue (Gauntlet)
  7 black mambas
  15 elephants
  2 molten gargoyles (Volcano)
  12 cane toads
  An unseen horror (D:12)
  2 torpor snails
  3 rime drakes
  6 komodo dragons
  A demonic crawler (Lair:4)
  5 trolls
  2 polar bears
  5 hornets
  A wind drake (Shoals:1)
  A tyrant leech (Gauntlet)
  Prince Ribbit (D:5)
  12 blink frogs
  8 dream sheep
  2 snapping turtles (Shoals:1)
  A spriggan (shapeshifter) (D:13)
  A flying skull (D:13)
  3 redbacks (Lair:4)
  2 shadows
  5 wyverns
  A redback (shapeshifter) (D:13)
  6 wraiths
  90 yaks
  A fire bat (Volcano)
  5 basilisks
  3 steam dragons
  3 swamp worms (Gauntlet)
  2 acid dragons
  A warg (Orc:1)
  3 hell hounds (Volcano)
  19 water moccasins
  19 orc warriors
  2 sky beasts (D:7)
  3 black bears
  2 ice beasts
  3 necrophages
  5 wolves
  14 centaurs
  6 ogres
  2 kobold brigands
  10 bullfrogs
  A gnoll sergeant (D:9)
  2 scorpions
  2 water moccasin skeletons (D:4)
  A water moccasin zombie (D:6)
  5 killer bees (D:10)
  2 wights
  2 electric eels (D:7)
  A howler monkey (D:9)
  3 crimson imps (D:6)
  6 lava snakes (Volcano)
  2 bullfrog zombies (D:6)
  2 jellies
  10 centaur zombies
  2 human zombies
  A hound (D:5)
  A centaur skeleton (D:5)
  18 orc priests
  A bullfrog skeleton (D:6)
  Terence (D:2)
  Jessica (D:3)
  2 iguanas
  Natasha (thrice) (D:2)
  A hell rat (Lair:6)
  25 orc wizards
  A scorpion zombie (D:5)
  A killer bee zombie (D:8)
  2 mummies (D:6)
  Robin (D:3)
  2 howler monkey zombies (D:9)
  15 adders
  A white imp (D:7)
  An ufetubus (D:5)
  A worm (D:2)
  4 dart slugs
  59 orcs
  5 endoplasms
  A giant cockroach (D:2)
  21 goblins
  5 hobgoblins
  6 kobolds
  A quokka (D:1)
  6 ball pythons
  7 bats
  2 frilled lizards (D:1)
  5 rats
  6 fulminant prisms
593 creatures vanquished.

Vanquished Creatures (collateral kills)
  A lindwurm (Lair:6)
  2 yaks (D:10)
  An orc warrior (Orc:1)
  An orc wizard (Orc:1)
  An orc (Orc:1)
6 creatures vanquished.

Vanquished Creatures (others)
  120 fulminant prisms
  54 fungi
  106 plants
280 creatures vanquished.

Grand Total: 879 creatures vanquished

Notes
Turn   | Place    | Note
-------+----------+-------------------------------------------
     0 | D:1      | chibimon the Draconian Conjurer began the quest for the
                  | Orb.
     0 | D:1      | Reached XP level 1. HP: 14/14 MP: 3/3
   142 | D:1      | Reached XP level 2. HP: 10/22 MP: 0/5
   145 | D:1      | Learned a level 2 spell: Searing Ray
   518 | D:1      | Reached skill level 1 in Fighting
  1258 | D:1      | Reached XP level 3. HP: 28/28 MP: 6/6
  1633 | D:2      | Noticed Terence
  1653 | D:2      | Killed Terence
  1659 | D:2      | Reached XP level 4. HP: 36/36 MP: 1/7
  1768 | D:2      | Noticed Natasha
  1772 | D:2      | Killed Natasha
  2362 | D:2      | Noticed Natasha
  2366 | D:2      | Killed Natasha
  2434 | D:2      | Noticed Natasha
  2446 | D:2      | Killed Natasha
  2447 | D:2      | Reached XP level 5. HP: 18/42 MP: 9/9
  2866 | D:3      | Noticed Robin
  3197 | D:3      | Killed Robin
  3237 | D:3      | Noticed Jessica
  3266 | D:3      | Killed Jessica
  3945 | D:3      | Found a white marble altar of Elyvilon.
  4198 | D:4      | Reached XP level 6. HP: 25/50 MP: 2/10
  4263 | D:4      | Reached skill level 5 in Conjurations
  4881 | D:5      | Entered Level 5 of the Dungeon
  4881 | D:5      | Noticed an ice beast
  4926 | D:5      | Noticed a water moccasin
  4932 | D:5      | Killed a water moccasin
  4993 | D:5      | Reached skill level 1 in Short Blades
  4993 | D:5      | Your scales start taking on a rich purple colour.
  4993 | D:5      | Reached XP level 7. HP: 57/57 MP: 8/13
  4997 | D:5      | Learned a level 3 spell: Dazzling Flash
  5002 | D:5      | Learned a level 4 spell: Fulminant Prism
  5187 | D:5      | Reached skill level 1 in Hexes
  5282 | D:5      | Found a staircase to the Ecumenical Temple.
  5290 | D:5      | Reached skill level 5 in Spellcasting
  5296 | Temple   | Entered the Ecumenical Temple
  5369 | Temple   | Became a worshipper of Vehumet
  5528 | D:5      | Learned a level 6 spell: Starburst
  5574 | D:5      | Noticed Prince Ribbit
  5583 | D:5      | Killed Prince Ribbit
  5584 | D:5      | Reached skill level 1 in Fire Magic
  5584 | D:5      | Reached XP level 8. HP: 66/66 MP: 4/15
  6693 | D:6      | Found a glowing silver altar of Zin.
  6984 | D:6      | Reached XP level 9. HP: 57/72 MP: 7/18
  7084 | D:6      | Reached * piety under Vehumet
  7084 | D:6      | Offered knowledge of Sandblast by Vehumet.
  7094 | D:6      | Found an ancient bone altar of Kikubaaqudgha.
  7287 | D:6      | Found a shimmering altar of Xom.
  8387 | D:7      | Learned a level 4 spell: Sticky Flame
  8454 | D:7      | Reached skill level 5 in Hexes
  8520 | D:7      | Found a shimmering blue altar of Sif Muna.
  8552 | D:7      | Reached skill level 5 in Dodging
  8697 | D:7      | Reached skill level 5 in Fighting
  8857 | D:8      | Found a runed translucent door.
  8860 | D:8      | Found a basalt altar of Yredelemnul.
  8928 | D:8      | Found a staircase to the Lair.
  9143 | D:8      | Reached XP level 10. HP: 46/81 MP: 1/21
  9155 | D:8      | Reached skill level 5 in Fire Magic
  9408 | D:8      | Offered knowledge of Shock by Vehumet.
  9615 | D:8      | Found a broken altar of Ashenzari.
  9753 | D:8      | Found a sparkling altar of Nemelex Xobeh.
  9758 | D:8      | Reached ** piety under Vehumet
  9937 | D:9      | Noticed a deep elf pyromancer
  9946 | D:9      | Killed a deep elf pyromancer
  9949 | D:9      | Noticed a green ugly thing
  9965 | D:9      | Killed a green ugly thing
  9987 | D:9      | HP: 3/83 [centaur/arrow (11)]
 10096 | D:9      | Found a shadowy altar of Dithmenos.
 10227 | D:9      | Found a bloodstained altar of Trog.
 10328 | D:9      | Found a staircase to the Orcish Mines.
 10401 | Lair:1   | Entered Level 1 of the Lair of Beasts
 10438 | Lair:1   | Noticed a six-headed hydra
 10452 | Lair:1   | Offered knowledge of Inner Flame by Vehumet.
 10455 | Lair:1   | Killed a six-headed hydra
 10458 | Lair:1   | Noticed a black mamba
 10462 | Lair:1   | Killed a black mamba
 10463 | Lair:1   | Reached XP level 11. HP: 88/89 MP: 1/23
 11196 | Lair:2   | Reached *** piety under Vehumet
 11635 | Lair:2   | Noticed a five-headed hydra
 11640 | Lair:2   | Killed a five-headed hydra
 11641 | Lair:2   | Reached skill level 1 in Evocations
 11867 | Lair:1   | Offered knowledge of Olgreb's Toxic Radiance by Vehumet.
 12409 | Lair:2   | Reached XP level 12. HP: 99/101 MP: 13/25
 12410 | Lair:2   | Reached **** piety under Vehumet
 12412 | Lair:2   | Offered knowledge of Yara's Violent Unravelling by Vehumet.
 12997 | Lair:3   | Noticed a four-headed hydra
 13026 | Lair:2   | Killed a four-headed hydra
 13027 | Lair:2   | Reached skill level 10 in Spellcasting
 14205 | Lair:4   | Found a hole to the Spider Nest.
 14410 | Lair:4   | Found a basalt altar of Yredelemnul.
 14445 | Lair:4   | Reached ***** piety under Vehumet
 14445 | Lair:4   | Offered knowledge of Fireball by Vehumet.
 14467 | Lair:4   | Learned a level 5 spell: Fireball
 14536 | Lair:4   | Found a staircase to the Shoals.
 14739 | Lair:4   | Reached skill level 5 in Evocations
 15058 | Lair:5   | Found a runed translucent gate.
 15058 | Lair:5   | Found a runed translucent gate.
 15058 | Lair:5   | Noticed Upnaff's ghost (journeyman MiBe)
 15109 | Lair:5   | Noticed a four-headed hydra
 15272 | Lair:5   | Reached skill level 10 in Conjurations
 15273 | Lair:5   | Reached XP level 13. HP: 86/111 MP: 1/27
 15461 | Lair:5   | Learned a level 8 spell: Lehudib's Crystal Spear
 15533 | Lair:5   | Reached skill level 1 in Earth Magic
 15584 | Lair:5   | Found a staircase to the Slime Pits.
 15619 | Lair:5   | Found a viscous altar of Jiyva.
 15780 | Lair:5   | Found a runed translucent gate.
 16193 | Lair:6   | Entered Level 6 of the Lair of Beasts
 16290 | Lair:6   | Reached skill level 5 in Earth Magic
 17156 | Lair:6   | Offered knowledge of Orb of Destruction by Vehumet.
 17166 | Lair:6   | Learned a level 7 spell: Orb of Destruction
 18087 | Lair:6   | Reached XP level 14. HP: 119/119 MP: 5/29
 18934 | D:9      | Found a shadowy altar of Dithmenos.
 19876 | D:9      | Found Zivvoga's General Store.
 19882 | D:9      | Bought a potion of brilliance for 52 gold pieces
 20359 | Orc:1    | Entered Level 1 of the Orcish Mines
 20442 | Orc:1    | You fall into a shaft and drop 1 floor!
 20442 | Orc:2    | Entered Level 2 of the Orcish Mines
 20442 | Orc:2    | Found Bafienal's Weapon Shoppe.
 20442 | Orc:2    | Found Repnacw's Antique Armour Shoppe.
 20445 | Orc:2    | Noticed Saint Roka
 20733 | Orc:1    | Found a dark tunnel.
 20744 | Volcano  | Entered a volcano
 21022 | Volcano  | Found a bloodstained altar of Trog.
 21204 | Volcano  | Reached skill level 1 in Polearms
 21438 | Volcano  | Reached skill level 10 in Fighting
 21526 | Orc:1    | Reached skill level 10 in Hexes
 21703 | Orc:2    | Offered knowledge of Eringya's Noxious Bog by Vehumet.
 22136 | Orc:2    | Noticed Saint Roka
 22136 | Orc:2    | Saint Roka changed into Saint Roka the golden dragon
 22302 | Shoals:1 | Entered Level 1 of the Shoals
 22619 | Shoals:1 | Identified the +0 tower shield "Garroud" {rElec Stlth+}
 23050 | Spider:1 | Entered Level 1 of the Spider Nest
 23219 | D:10     | Entered Level 10 of the Dungeon
 23331 | D:10     | Reached skill level 1 in Shields
 23435 | D:10     | Found an opulent altar of Gozag.
 23510 | D:10     | Found a glowing golden altar of the Shining One.
 23900 | D:10     | Noticed Josephine
 24252 | D:10     | Killed Josephine
 24610 | D:11     | Reached skill level 5 in Shields
 24767 | D:11     | Found a gate leading to a gauntlet.
 24775 | Gauntlet | Entered a Gauntlet
 24775 | Gauntlet | Found a transporter.
 24801 | Gauntlet | Found a transporter.
 24816 | Gauntlet | Found a transporter.
 24821 | Gauntlet | Found a transporter.
 24836 | Gauntlet | Found a transporter.
 24855 | Gauntlet | Found a transporter.
 24867 | Gauntlet | Found a transporter.
 24886 | Gauntlet | Found a transporter.
 24898 | Gauntlet | Found a transporter.
 24910 | Gauntlet | Found a transporter.
 24927 | Gauntlet | Found a transporter.
 24944 | Gauntlet | Found a transporter.
 24946 | Gauntlet | Found a transporter.
 24971 | Gauntlet | Found a transporter.
 25045 | Gauntlet | Found a transporter.
 25047 | Gauntlet | Found a transporter.
 25063 | Gauntlet | Found a transporter.
 25077 | Gauntlet | Found a transporter.
 25091 | Gauntlet | Offered knowledge of Spellforged Servitor by Vehumet.
 25278 | Gauntlet | Paralysed by a hornet for 3 turns
 25553 | Gauntlet | Identified the +2 hunting sling "Faegud" {venom, *Slow
                  | +Blink rElec Dex+2}
 26579 | D:12     | Identified the +0 ring mail "Keujuc" {rElec}
 27285 | D:12     | Reached XP level 15. HP: 97/126 MP: 12/30
 28646 | Lair:4   | Paralysed by a hornet for 2 turns
 28647 | Lair:4   | HP: 6/126 [wolf spider (8)]
 28648 | Lair:4   | HP: 2/126 [wolf spider (6)]
 28648 | Lair:4   | Mangled by a tarantella

Illustrated notes

Levels and vault maps discovered:
D:1:      psy_arrival_radial01, layout_basic, minmay_pentomino_w4
D:2:      layout_basic, uniq_terence, uniq_natasha
D:3:      layout_basic, nicolae_elyvilon_peaceful_grove, uniq_jessica,
          uniq_robin
D:4:      layout_rooms, grunt_decor_resistance, minmay_misc_feat_encased
D:5:      layout_loops_ring, minmay_temple_entry_junction, uniq_prince_ribbit1
D:6:      layout_loops_ring, lemuel_mausoleum_altar_kikubaaqudgha,
          mainiacjoe_overflow_chevrons, led_xom_imps
D:7:      layout_loops_cross, mainiacjoe_overflow_alcove_1,
          kennysheep_small_spiral, grunt_decor_cap, serial_bayou_crossing
D:8:      layout_cave_pods, dk_yredelemnul_ordeal,
          mainiacjoe_overflow_six_doors_small,
          nemelex_xobeh_ov_fountains_minmay, lair_entry_dummy, moated_statue
D:9:      hangedman_cross_cluster, layout_layer_cave, trog_ov_bears_minmay,
          mainiacjoe_overflow_paths, minmay_orc_entry_temple_small,
          serial_shops, kennysheep_little_box, enter_bailey_2
D:10:     layout_gridville, mainiacjoe_overflow_catwalk_spiral,
          hangedman_abyss_or_decor_stagger, uniq_josephine
D:11:     layout_basic, gauntlet_entry_generic, blue_anna_alchemist
D:12:     layout_loops_ring
D:13:     lemuel_vampire_tower, layout_basic, david_vaults_2,
          nicolae_uskayaw_en_pointe
Temple:   eino_wide_crystal_templ
Lair:1:   layout_hall_layers
Lair:2:   minmay_lair_venomous_thicket, layout_regular_city
Lair:3:   layout_loops_ring, grunt_megastairs_1
Lair:4:   layout_regular_city, shoals_dummy_entry, spider_nest_entry_funnel_web,
          basic_altar, fungi_pond_lemuel
Lair:5:   layout_regular_city, slime_altar_1, gammafunk_ghost_split,
          infiniplex_staircase_pool
Lair:6:   hangedman_lair_in_review, layout_small_grid, serial_bayou_pond_a,
          chequers_serial_rivers_micro_d
Shoals:1: layout_shoals
Spider:1: layout_spider_delve, beargit_elvish_explorers
Orc:1:    layout_diamond_mine, nicolae_volcano_entry_vermiform
Orc:2:    st_orc_mages, layout_caves, basic_altar, minmay_orc_barracks,
          uniq_saint_roka

Skill      XL: |  1  2  3  4  5  6  7  8  9 10 11 12 13 14 15 |
---------------+----------------------------------------------+-----
Dodging        | 2 3 4 5 7 8 9 |  9.0
Fighting       | 1 2 3 4 5 6 7 9 10 | 10.0
Stealth        | 2 3 |  3.2
Spellcasting   | 3 4 5 6 7 8 9 10 11 | 11.5
Conjurations   | 5 6 7 8 9 10 11 | 11.0
Short Blades   | 1 2 |  2.0
Hexes          | 2 4 5 7 8 9 10 | 10.0
Fire Magic     | 1 3 4 6 7 8 |  8.2
Evocations     | 2 5 6 |  6.8
Earth Magic    | 9 |  9.4
Polearms       | 1 |  1.9
Shields        | 8 9 |  9.1

Action                   |  1- 3 |  4- 6 |  7- 9 | 10-12 | 13-15 || total
-------------------------+-------+-------+-------+-------+-------++-------
Melee: Unarmed           |    25 |       |       |       |       ||    25
       Tailslap          |     2 |     6 |    10 |    15 |    21 ||    54
       Spear             |    20 |       |       |       |       ||    20
       Dagger            |    27 |    87 |   106 |    47 |       ||   267
       Falchion          |       |       |       |    83 |    61 ||   144
       Trident           |       |       |       |       |   158 ||   158
       Staff             |       |       |       |       |    12 ||    12
Throw: Dart              |       |     2 |       |       |     3 ||     5
 Cast: Magic Dart        |    32 |    14 |     8 |     3 |       ||    57
       Searing Ray       |     1 |    10 |    52 |    63 |    83 ||   209
       Dazzling Flash    |       |       |     2 |    12 |    11 ||    25
       Fulminant Prism   |       |       |    17 |    74 |    35 ||   126
       Sticky Flame      |       |       |     1 |     9 |    28 ||    38
       Starburst         |       |       |       |    12 |    59 ||    71
       Fireball          |       |       |       |     2 |    51 ||    53
       Orb of Destructio |       |       |       |       |    35 ||    35
 Abil: Breathe Dispellin |       |       |     2 |       |       ||     2
Evoke: Wand              |       |       |       |     6 |    22 ||    28
       Lightning rod     |       |       |       |       |    10 ||    10
       Box of beasts     |       |       |       |       |     4 ||     4
  Use: Scroll            |       |       |     3 |     6 |    28 ||    37
       Potion            |       |       |       |     9 |    12 ||    21
 Stab: Sleeping          |     1 |     2 |     1 |     1 |     2 ||     7
       Distracted        |       |     1 |     1 |     1 |       ||     3
       Invisible         |       |       |       |     2 |     1 ||     3
Armor: Skin              |    21 |    30 |    70 |   163 |   210 ||   494
Dodge: Dodged            |    48 |    66 |   113 |   182 |   341 ||   750
       Repelled          |       |       |       |       |     2 ||     2
Block: Tower shield      |       |       |       |       |   149 ||   149
       Rpst.: Falchion   |       |       |       |    42 |    32 ||    74
